Map: 에코 - 래더 (공허)

Players

aLive

  • Race: Terran Terran
  • League: Master

JJAKJI - Winner!

  • Race: Terran Terran

VOD

Have the link to the VOD?

Description

Time

  • Played on: Nov. 29, 2016, 6:04 a.m.
  • Length: 15:46
Show
View Real Time Build Order
Export as new Build Order

aLive Terran 

Build Orders: 1/1/1, Bio Tank 

Get SALT Encoding   

  12  0:00  SCV  
  13  0:12  SCV  
  14  0:17  Supply Depot  
  14  0:25  SCV  
  15  0:38  SCV  
  15  0:40  Barracks  
  16  0:43  Refinery  
  16  0:51  Refinery  
  16  0:53  SCV  
  17  1:05  SCV  
  18  1:17  SCV  
  19  1:27  Marine  
  19  1:29  Orbital Command  
  19  1:31  Factory  
  20  1:45  Reaper  
  21  1:47  Supply Depot  
  21  1:56  SCV  
  23  2:08  SCV  
  23  2:15  Starport, Factory Tech Lab  
  23  2:19  Barracks Reactor  
  23  2:20  SCV  
  24  2:31  Supply Depot  
  24  2:32  SCV  
  25  2:47  SCV  
  25  2:48  Hellion  
  28  2:55  Marine x2  
  28  2:57  Raven  
  32  2:59  SCV  
  33  3:12  SCV  
  34  3:18  Command Center, Factory Tech Lab  
  34  3:24  SCV  
  34  3:25  Marine  
  34  3:26  Marine  
  36  3:30  Supply Depot  
  36  3:36  SCV  
  37  3:43  Siege Tank  
  39  3:51  Marine x2  
  39  3:52  SCV  
  39  3:54  Viking  
  44  4:04  Supply Depot, SCV  
  43  4:11  Marine x2  
  45  4:20  SCV  
  46  4:25  Siege Tank  
  49  4:33  Orbital Command  
  49  4:36  Medivac  
  49  4:37  Medivac  
  53  4:39  SCV  
  54  4:46  Marine  
  54  4:50  Stimpack  
  54  4:51  SCV  
  56  4:56  Barracks x2  
  56  4:59  SCV  
  57  5:04  Supply Depot  
  57  5:09  Engineering Bay  
  57  5:14  SCV x2  
  57  5:16  Marine  
  57  5:19  Refinery  
  60  5:26  SCV  
  60  5:27  SCV  
  60  5:39  SCV x2  
  60  5:41  Command Center  
  62  5:51  SCV x2  
  50  5:59  Barracks Reactor x2  
  50  6:00  Marine  
  50  6:03  SCV x2  
  50  6:04  Siege Tank  
  50  6:05  Liberator  
  50  6:09  Terran Infantry Weapons Level 1  
  50  6:10  Supply Depot  
  50  6:15  SCV x2  
  50  6:16  Barracks  
  52  6:18  Barracks  
  52  6:19  Marine  
  52  6:20  Medivac  
  58  6:26  Refinery, Supply Depot  
  58  6:29  SCV x2  
  60  6:36  Marine x4  
  60  6:37  Marine  
  60  6:38  Siege Tank  
  67  6:44  SCV x2  
  69  6:48  Supply Depot  
  69  6:53  Combat Shields  
  69  6:56  Orbital Command, SCV x2  
  69  6:57  Marine  
  69  6:58  Marine x2  
  69  6:59  Marine  
  69  7:00  Marine  
  76  7:07  Missile Turret  
  76  7:09  Barracks Reactor x2  
  76  7:13  SCV x2  
  76  7:15  Siege Tank  
  81  7:17  Supply Depot  
  81  7:19  Marine  
  81  7:20  Marine x3  
  81  7:21  Marine  
  86  7:24  SCV  
  86  7:27  Medivac  
  86  7:29  Medivac  
  90  7:35  SCV x2  
  90  7:36  Refinery, SCV  
  93  7:39  Refinery  
  93  7:40  Marine x5  
  98  7:50  Siege Tank  
  98  7:51  Marine x3  
  101  7:59  Marine x5  
  101  8:00  Marine  
  101  8:01  Engineering Bay, Armory  
  101  8:02  SCV x3  
  110  8:08  Supply Depot  
  110  8:12  Supply Depot  
  110  8:14  SCV x3  
  110  8:16  Marine x3  
  110  8:17  Sensor Tower, Marine  
  110  8:19  Medivac  
  119  8:22  Medivac  
  119  8:26  Siege Tank  
  124  8:27  Marine  
  124  8:29  Marine x2  
  124  8:34  Supply Depot  
  127  8:35  Supply Depot  
  124  8:50  Marine x7  
  124  8:52  Marine x2  
  132  9:01  Siege Tank  
  132  9:02  Terran Infantry Weapons Level 2  
  135  9:03  Terran Vehicle Weapons Level 1, Terran Infantry Armor Level 1  
  135  9:04  Factory  
  135  9:09  Medivac  
  137  9:13  Medivac  
  137  9:14  Marine x9  
  148  9:31  Marine  
  148  9:32  Marine x4  
  148  9:33  Siege Tank, Marine  
  148  9:34  Marine  
  154  9:40  Barracks  
  154  9:41  Barracks  
  150  9:48  Marine x2  
  150  9:49  Marine  
  150  9:50  Marine  
  143  9:55  Marine  
  143  9:56  Marine  
  131  10:02  Medivac x2, Factory Tech Lab  
  131  10:05  Siege Tank  
  134  10:16  Marine x9  
  134  10:20  Barracks  
  143  10:21  Supply Depot  
  143  10:22  Supply Depot  
  141  10:32  Medivac x2, Barracks Reactor x2  
  145  10:38  Siege Tank  
  140  10:48  Marine x7  
  140  10:49  Marine x2  
  147  10:51  Siege Tank  
  150  11:02  Medivac x2  
  150  11:03  Command Center, Terran Infantry Armor Level 2  
  153  11:07  Terran Vehicle Weapons Level 2  
  153  11:10  Siege Tank  
  150  11:26  Siege Tank, Marine x11  
  150  11:27  Marine x2  
  150  11:28  Barracks Reactor  
  166  11:34  Terran Infantry Weapons Level 3  
  149  11:46  Marine  
  149  11:47  Marine x4  
  135  11:56  Marine x2  
  135  11:57  Marine x5  
  138  12:08  Missile Turret  
  138  12:11  Siege Tank x2, Viking  
  138  12:12  Viking  
  148  12:20  Marine x6  
  148  12:22  Marine x2  
  156  12:24  Marine  
  147  12:41  Viking  
  147  12:42  Viking  
  154  12:44  Siege Tank  
  154  12:45  Siege Tank  
  157  13:00  Marine x9  
  165  13:08  Planetary Fortress  
  165  13:18  Siege Tank  
  165  13:19  Marine x4  
  140  13:34  Marine x11  
  151  13:44  Marine x2  
  151  13:45  Marine x2  
  151  13:46  Siege Tank  
  151  13:48  Viking  
  160  13:52  Marine x2  
  159  14:09  Marine x5  
  153  14:10  Marine x5  
  160  14:17  Marine x5  
  160  14:19  Siege Tank x2  
  162  14:26  Viking x2  
  162  14:27  Marine x3  
  161  14:44  Marine x11  
  161  14:45  Marine  
  169  14:56  Viking x2  
  144  15:09  Marine x4  
  144  15:11  Marine  
  117  15:22  Marine  
  117  15:23  Marine  
Show
View Real Time Build Order
Export as new Build Order

JJAKJI Terran - Winner!

Build Orders: Reaper Expand, Bio Tank 

Get SALT Encoding   

  12  0:00  SCV  
  13  0:12  SCV  
  14  0:16  Supply Depot  
  14  0:24  SCV  
  14  0:27  Refinery  
  15  0:38  SCV  
  16  0:44  Barracks  
  16  0:50  SCV  
  17  1:02  SCV  
  18  1:14  SCV  
  19  1:31  Orbital Command, Reaper  
  20  1:43  Command Center  
  20  1:56  Factory  
  20  1:57  SCV  
  20  2:05  Barracks Reactor  
  20  2:09  Supply Depot  
  20  2:11  SCV  
  21  2:17  Refinery  
  21  2:23  SCV  
  22  2:35  SCV  
  23  2:41  Hellion  
  23  2:42  Marine x2  
  23  2:43  Starport  
  27  2:47  SCV  
  28  2:55  Orbital Command  
  28  3:00  SCV  
  28  3:01  Marine  
  28  3:05  Marine  
  31  3:06  Widow Mine  
  31  3:12  SCV  
  33  3:23  SCV  
  33  3:24  SCV  
  35  3:31  Viking, Engineering Bay  
  37  3:35  SCV  
  37  3:37  SCV  
  37  3:41  Factory Tech Lab  
  39  3:44  Marine x2  
  41  3:52  SCV x2  
  43  3:57  Supply Depot  
  43  4:00  Missile Turret  
  43  4:04  SCV x2  
  45  4:10  Factory Tech Lab  
  45  4:11  Missile Turret  
  45  4:15  Marine  
  46  4:18  Raven, SCV x2, Marine  
  50  4:24  Supply Depot  
  50  4:30  Siege Tank, SCV  
  54  4:33  Supply Depot  
  54  4:44  Supply Depot  
  54  4:45  SCV x2, Marine x2  
  58  4:58  SCV x2  
  60  5:02  Command Center  
  60  5:10  Viking x2  
  60  5:13  SCV x2  
  66  5:15  Supply Depot  
  66  5:18  Stimpack  
  66  5:23  Siege Tank  
  69  5:29  Refinery  
  69  5:30  Supply Depot  
  69  5:31  Refinery, SCV x2  
  71  5:37  Marine  
  52  6:04  SCV x2  
  52  6:08  Marine  
  52  6:10  Barracks  
  55  6:12  Siege Tank, Barracks  
  55  6:16  Terran Infantry Weapons Level 1  
  55  6:17  Engineering Bay, Orbital Command  
  58  6:18  SCV  
  58  6:19  SCV  
  58  6:23  Refinery  
  58  6:24  Starport Reactor  
  60  6:26  Marine  
  60  6:30  SCV  
  60  6:31  SCV  
  63  6:34  Barracks  
  63  6:36  Orbital Command  
  63  6:38  Barracks  
  63  6:43  SCV x2  
  65  6:47  Marine  
  65  6:48  Siege Tank  
  69  6:55  SCV x2  
  69  7:00  Barracks Reactor  
  71  7:01  SCV  
  71  7:04  Marine  
  71  7:07  SCV x2  
  75  7:09  Medivac x2  
  75  7:10  Marine x2  
  75  7:11  Terran Infantry Armor Level 1  
  75  7:13  Armory  
  81  7:17  SCV  
  81  7:18  Supply Depot  
  81  7:19  SCV x2  
  81  7:22  Marine  
  84  7:26  Barracks Reactor x2  
  84  7:27  Marine  
  84  7:28  Marine  
  87  7:33  SCV x3  
  87  7:34  Siege Tank  
  87  7:35  Refinery  
  87  7:36  Refinery  
  93  7:37  Supply Depot  
  93  7:42  Marine x3  
  95  7:45  Marine x2  
  90  7:52  SCV x2  
  90  7:58  SCV  
  93  8:00  Marine x3  
  93  8:03  Marine x2  
  93  8:04  SCV  
  93  8:05  SCV  
  100  8:07  Missile Turret  
  100  8:10  SCV  
  100  8:11  Medivac x2  
  100  8:12  Missile Turret  
  105  8:17  SCV x2  
  105  8:18  Terran Infantry Weapons Level 2  
  107  8:22  SCV  
  107  8:26  Supply Depot, Marine  
  108  8:27  Marine x4  
  108  8:29  SCV  
  108  8:30  SCV  
  108  8:32  Marine  
  108  8:33  Marine x2  
  108  8:34  Marine  
  119  8:38  Combat Shields  
  119  8:42  Siege Tank  
  119  8:43  Medivac  
  119  8:44  Marine  
  119  8:45  Marine  
  119  8:48  Medivac  
  127  8:49  SCV  
  127  8:50  SCV x2  
  127  8:53  Factory  
  129  8:56  Marine  
  129  8:57  Marine x2  
  130  9:05  Terran Vehicle Weapons Level 1  
  130  9:06  Marine x3  
  133  9:11  Supply Depot x2  
  133  9:13  Supply Depot x2  
  133  9:19  Missile Turret  
  133  9:25  Marine x3  
  133  9:27  Medivac, Marine  
  132  9:32  Marine  
  132  9:33  Medivac, Siege Tank  
  132  9:35  SCV x3  
  136  9:40  Factory Tech Lab  
  130  9:47  SCV x2  
  130  9:48  SCV  
  130  9:49  Marine  
  130  9:50  Marine x8  
  122  9:59  SCV  
  121  10:00  SCV x2  
  121  10:05  Siege Tank  
  125  10:07  Marine x3  
  125  10:08  Marine x6  
  125  10:09  Siege Tank  
  125  10:12  SCV x3  
  139  10:25  Marine x8  
  147  10:29  Marine  
  145  10:37  Siege Tank  
  147  10:43  Marine x8  
  147  10:47  Siege Tank, Marine  
  159  10:52  Refinery  
  159  10:56  Terran Infantry Armor Level 2  
  159  11:01  Marine x6  
  165  11:11  Command Center  
  165  11:14  Refinery  
  165  11:18  Marine x4  
  165  11:19  Marine x3  
  165  11:20  Marine x2  
  164  11:27  Terran Infantry Weapons Level 3  
  164  11:36  Marine x2  
  164  11:37  Marine  
  164  11:38  Marine x3  
  164  11:39  Marine x3  
  156  11:53  Marine  
  145  11:54  Marine  
  145  11:55  Marine  
  145  11:56  Viking, Marine x4  
  145  11:57  Marine x2  
  146  12:11  Marine  
  146  12:12  Liberator x2, Marine  
  146  12:13  Siege Tank, Marine  
  146  12:14  Marine x6  
  158  12:18  Siege Tank  
  161  12:29  Marine  
  165  12:30  Marine x2  
  165  12:31  Marine  
  165  12:32  Marine x4  
  175  12:39  Supply Depot  
  175  12:41  SCV x2  
  175  12:42  Marine, SCV  
  179  12:47  Marine  
  179  12:49  Terran Vehicle Weapons Level 2  
  180  12:53  Marine  
  180  12:54  Supply Depot  
  180  12:58  Marine x2  
  177  13:11  Marine  
  177  13:12  Viking x2  
  180  13:14  Marine x2  
  180  13:15  Marine x2  
  181  13:21  Siege Tank  
  176  13:30  Marine x4  
  176  13:32  Marine x2  
  180  13:41  Planetary Fortress  
  180  13:42  Viking  
  180  13:45  Marine  
  180  13:47  Marine  
  183  13:49  Viking  
  183  13:54  Sensor Tower  
  180  13:57  Marine x3  
  180  14:12  Viking  
  180  14:13  Marine x5  
  180  14:16  Marine  
  187  14:19  Viking  
  185  14:25  Siege Tank x2, Liberator  
  191  14:32  Liberator  
  174  14:43  Marine x5  
  174  14:45  Marine x2  
  185  14:57  Siege Tank x2  
  191  15:01  Marine  
  191  15:02  Marine x5  
  191  15:03  Marine x2  
  191  15:04  Marine  
  171  15:11  Orbital Command  
  171  15:13  SCV  
  161  15:19  Marine x2  
  161  15:20  Marine x3  
Tags
 
Add a new tag
Caveats
  • Supply blocks, unpowered buildings, or Contaminate may cause inaccurate times.
  • Supply counts are checked every 10 seconds.